 Dungeon Crawl Stone Soup version 0.23-a0-704-g7fdf9c5 (webtiles) character file.

547016 Gorice the Impregnable (level 25, 0/238 HPs)
             Began as a Minotaur Gladiator on Jan 11, 2019.
             Was the Champion of the Shining One.
             Slain by a spriggan berserker
             ... wielding a +0 flail
              (26 damage)
             ... on level 5 of the Depths on Jan 14, 2019.
             The game lasted 05:58:18 (66316 turns).

Gorice the Impregnable (Minotaur Gladiator)        Turns: 66316, Time: 05:58:19

Health: 0/238      AC: 40    Str: 22    XL:     25   Next: 43%
Magic:  0/34       EV: 14    Int: 11    God:    the Shining One [******]
Gold:   5339       SH:  0    Dex: 11    Spells: 23/40 levels left

rFire    + . .     SeeInvis .   a - +3 great sword of Duty {flame, rPois}
rCold    + . .     Gourm    .   (shield currently unavailable)
rNeg     + + +     Faith    .   i - +7 plate armour of Zyef {rN+ Stlth+}
rPois    +         Spirit   +   L - -2 hat of the Alchemist {rElec rPois rF+ rC+ rN+ MR+ rMut rCorr}
rElec    +         Reflect  .   h - +2 cloak {MR+}
rCorr    +         Harm     .   g - +2 pair of gloves
rMut     +                      M - +1 pair of boots {Fly}
MR       ++++.                  b - amulet "Oreppum" {Spirit MR+ Dex-4 Slay+2}
Stlth    ..........             z - +4 ring of protection
HPRegen  0.49/turn              S - +2 ring of slaying
MPRegen  0.24/turn

@: glowing
A: retaliatory headbutt, horns 2, screaming 1
}: 2/15 runes: barnacled, gossamer
a: Divine Shield, Cleansing Flame, Summon Divine Warrior, Brand Weapon With Holy
Wrath, Renounce Religion, Evoke Flight


You were on level 5 of the Depths.
You worshipped the Shining One.
The Shining One was exalted by your worship.
You were hungry.

You visited 10 branches of the dungeon, and saw 47 of its levels.
You visited 2 bazaars.
You also visited: Gauntlet.

You collected 7322 gold pieces.
You spent 1983 gold pieces at shops.

Inventory:

Hand Weapons
 a - the +3 great sword of Duty (weapon) {flame, rPois}
   (You took it off a minotaur in a Gauntlet)

   It has been specially enchanted to burn those struck by it, causing extra
   injury to most foes and up to half again as much damage against particularly
   susceptible opponents.
   Big, fiery blades are also staple armaments of hydra-hunters.
   It protects you from poison.
Missiles
 m - 16 poisoned javelins (quivered)
 U - 8 javelins of penetration
 V - 4 curare-tipped needles
 Z - 9 throwing nets {!f}
Armour
 g - a +2 pair of gloves (worn)
 h - a +2 cloak of magic resistance (worn)
   (You took it off Nikola on level 1 of the Spider Nest)
 i - the +7 plate armour of Zyef (worn) {rN+ Stlth+}
   (You bought it in a shop on level 8 of the Dungeon)

   It protects you from negative energy.
   It makes you more stealthy.
 L - the -2 hat of the Alchemist (worn) {rElec rPois rF+ rC+ rN+ MR+ rMut rCorr}
   (You found it on level 3 of the Spider Nest)

   It protects you from fire.
   It protects you from cold.
   It insulates you from electricity.
   It protects you from poison.
   It protects you from negative energy.
   It affects your resistance to hostile enchantments.
   It provides partial protection from all sources of acid and corrosion.
   It protects you from mutation.
 M - a +1 pair of boots of flying (worn)
   (You found it on level 3 of the Elven Halls)
 R - +0 gold dragon scales
Jewellery
 b - the amulet "Oreppum" (around neck) {Spirit MR+ Dex-4 Slay+2}
   (You found it on level 1 of the Spider Nest)

   [amulet of guardian spirit]

   It causes incoming damage to be split between your health and magic.
   It affects your dexterity (-4).
   It affects your accuracy and damage with ranged weapons and melee attacks
   (+2).
   It affects your resistance to hostile enchantments.
 c - an uncursed ring of protection from cold
 f - the ring "Giadd" {rElec rF+ rN+}
   (You found it on level 6 of the Lair of Beasts)

   [ring of protection from fire]

   It protects you from fire.
   It insulates you from electricity.
   It protects you from negative energy.
 z - a +4 ring of protection (left hand)
 H - an uncursed ring of protection from magic
 S - a +2 ring of slaying (right hand)
 W - the ring "Katufeok" {+Fly rPois Int+2}
   (You took it off a spriggan berserker on level 5 of the Depths)

   [ring of poison resistance]

   It affects your intelligence (+2).
   It protects you from poison.
   It lets you fly.
 X - the ring "Luma" {rC+ Dex+3}
   (You took it off a fire giant on level 5 of the Depths)

   [ring of dexterity]

   It affects your dexterity (+3).
   It protects you from cold.
Wands
 l - a wand of iceblast (32)
 u - a wand of acid (16)
 F - a wand of digging (13)
 J - a wand of scattershot (4)
 P - a wand of enslavement (24)
Scrolls
 e - 2 scrolls of enchant weapon
 k - 24 scrolls of remove curse
 n - 9 scrolls of blinking
 r - 17 scrolls of teleportation {!r}
 A - 4 scrolls of magic mapping {!r}
 B - a scroll of silence {!r}
 D - 2 scrolls of summoning {!r}
 E - 10 scrolls of fear {!r}
 G - 18 scrolls of identify
 K - 4 scrolls of fog
 O - a scroll of amnesia
Potions
 d - 6 potions of agility {!q}
 j - 6 potions of haste {!q}
 p - 20 potions of curing
 q - 4 potions of might {!q}
 s - 3 potions of magic {!q}
 t - 12 potions of heal wounds {!q}
 w - 3 potions of resistance {!q}
 x - a potion of ambrosia
 I - a potion of cancellation {!q}
 T - 3 potions of berserk rage
Miscellaneous
 v - 2 boxes of beasts
 C - a lamp of fire
 N - a sack of spiders
 Q - 2 phantom mirrors
Comestibles
 o - 7 chunks of flesh
 y - 89 rations


   Skills:
 - Level 22.0 Fighting
 - Level 20.0 Long Blades
 - Level 10.0 Throwing
 - Level 22.0 Armour
 - Level 16.0 Dodging
 + Level 8.4 Spellcasting
 + Level 4.1 Hexes
 + Level 7.1 Charms
 + Level 7.9 Summonings
 + Level 7.8 Translocations
 + Level 7.9 Air Magic
 - Level 14.0 Invocations
 - Level 12.0 Evocations


You had 23 spell levels left.
You knew the following spells:

 Your Spells              Type           Power        Failure   Level  Hunger
a - Airstrike             Air            ###.......   32%         4    ####...
p - Portal Projectile     Hex/Tloc       ###...       22%         3    ##.....
s - Summon Lightning Spi  Summ/Air       ###.....     32%         4    ####...
A - Apportation           Tloc           ###...       3%          1    None
B - Summon Butterflies    Summ           ###.....     3%          1    None
J - Blink                 Tloc           N/A          4%          2    #......
S - Swiftness             Chrm/Air       ###.....     5%          2    #......

Your spell library contained the following spells:

 Spells                   Type           Power        Failure   Level  Hunger
 Summon Small Mammal      Summ           ###.         3%          1    None
 Call Imp                 Summ           ###.....     4%          2    #......
 Shroud of Golubria       Chrm/Tloc      ###.......   6%          2    #......
 Call Canine Familiar     Summ           ###.....     10%         3    ##.....
 Gell's Gravitas          Tloc           ###.......   10%         3    ##.....
 Confusing Touch          Hex            ##....       16%         1    None
 Shock                    Conj/Air       ##..         17%         1    None
 Slow                     Hex            ##......     22%         2    #......
 Summon Guardian Golem    Hex/Summ       ###.....     22%         3    ##.....
 Poisonous Vapours        Pois/Air       ##....       26%         2    #......
 Passage of Golubria      Tloc           N/A          32%         4    ####...
 Confuse                  Hex            ##......     41%         3    ##.....
 Tukima's Dance           Hex            ##......     41%         3    ##.....
 Ensorcelled Hibernation  Hex/Ice        #.....       47%         2    #......
 Regeneration             Chrm/Necr      ##........   50%         3    ##.....
 Animate Skeleton         Necr           N/A          63%         1    None
 Flame Tongue             Conj/Fire      #....        63%         1    None
 Freeze                   Ice            #...         63%         1    None
 Magic Dart               Conj           #...         63%         1    None
 Pain                     Necr           #...         63%         1    None
 Sandblast                Erth           #.....       63%         1    None
 Sting                    Conj/Pois      #...         63%         1    None
 Mephitic Cloud           Conj/Pois/Air  ##......     63%         3    ##.....
 Dazzling Spray           Conj/Hex       #.....       71%         3    ##.....
 Inner Flame              Hex/Fire       #.......     71%         3    ##.....
 Corpse Rot               Necr           N/A          77%         2    #......
 Passwall                 Tmut/Erth      #.......     77%         2    #......
 Searing Ray              Conj           #.....       77%         2    #......
 Sublimation of Blood     Necr           #.........   77%         2    #......
 Throw Flame              Conj/Fire      #.....       77%         2    #......
 Throw Frost              Conj/Ice       #.....       77%         2    #......
 Cause Fear               Hex            ##........   83%         4    ####...
 Force Lance              Conj/Tloc      ##......     86%         4    ####...
 Summon Ice Beast         Ice/Summ       ##......     86%         4    ####...
 Silence                  Hex/Air        ###.......   88%         5    ######.
 Summon Mana Viper        Hex/Summ       ###.....     89%         5    ######.
 Conjure Flame            Conj/Fire      #.......     94%         3    ##.....
 Stone Arrow              Conj/Erth      #.....       94%         3    ##.....
 Vampiric Draining        Necr           #.........   94%         3    ##.....
 Leda's Liquefaction      Hex/Erth       #.........   98%         4    ####...
 Iskenderun's Battlesphe  Conj/Chrm      ##......     99%         5    ######.
 Deflect Missiles         Chrm/Air       ###.......   99%         6    #######
 Dispersal                Tloc           ###.......   99%         6    #######
 Animate Dead             Necr           N/A          100%        4    ####...
 Ice Form                 Ice/Tmut       #.......     100%        4    ####...
 Olgreb's Toxic Radiance  Pois           #.......     100%        4    ####...
 Petrify                  Tmut/Erth      #.......     100%        4    ####...
 Sticky Flame             Conj/Fire      #.......     100%        4    ####...
 Throw Icicle             Conj/Ice       #.......     100%        4    ####...
 Bolt of Magma            Conj/Fire/Erth #.........   100%        5    ######.
 Borgnjor's Vile Clutch   Necr/Erth      #.........   100%        5    ######.
 Fireball                 Conj/Fire      #.........   100%        5    ######.
 Lee's Rapid Deconstruct  Erth           #.........   100%        5    ######.
 Metabolic Englaciation   Hex/Ice        #.........   100%        5    ######.
 Venom Bolt               Conj/Pois      #.........   100%        5    ######.
 Yara's Violent Unravell  Hex/Tmut       #.........   100%        5    ######.
 Bolt of Cold             Conj/Ice       #.........   100%        6    #######
 Darkness                 Hex            ##........   100%        6    #######
 Freezing Cloud           Conj/Ice/Air   ##........   100%        6    #######
 Invisibility             Hex            ##......     100%        6    #######
 Iron Shot                Conj/Erth      #.........   100%        6    #######
 Ozocubu's Refrigeration  Ice            #.........   100%        6    #######
 Simulacrum               Ice/Necr       #.........   100%        6    #######
 Statue Form              Tmut/Erth      #........    100%        6    #######
 Orb of Destruction       Conj           #.........   100%        7    #######
 Spellforged Servitor     Conj/Summ      ##........   100%        7    #######
 Summon Hydra             Summ           ###.......   100%        7    #######
 Controlled Blink         Tloc           N/A          100%        8    #######
 Disjunction              Tloc           ###.......   100%        8    #######
 Shatter                  Erth           #.........   100%        9    #######


Dungeon Overview and Level Annotations

Branches:
Dungeon (15/15)            Temple (1/1) D:6            Lair (6/6) D:11
 Shoals (4/4) Lair:4       Spider (4/4) Lair:3        Slime (0/5) Lair:6
    Orc (2/2) D:9             Elf (3/3) Orc:2        Vaults (4/5) D:13
  Crypt (3/3) Vaults:3       Tomb (0/3) Crypt:3      Depths (5/5) D:15
    Zot: Depths:5

Altars:
Ashenzari
Cheibriados
Dithmenos
Elyvilon
Fedhas
Gozag
Hepliaklqana
Kikubaaqudgha
Makhleb
Nemelex Xobeh
Okawaru
Qazlal
Ru
Sif Muna
Trog
Uskayaw
Vehumet
Wu Jian
Xom
Yredelemnul
Zin
The Shining One
Beogh
Jiyva
Lugonu

Shops:
D:6 ?   D:8 [   D:11 ((   D:14 *   Orc:2 }!!(   Elf:2 [   Vaults:2 *
Depths:3 }=}[   Depths:4 *   Depths:5 *([

Portals:
Hell: Depths:1 Depths:2 Depths:3 Depths:4 Depths:5
Abyss: Crypt:2 Depths:2 Depths:4
Pandemonium: Depths:2 Depths:3
Ziggurat: Depths:2

Annotations:
D:14 1 transporter
Lair:6 1 runed door
Depths:5 exclusion: door


Innate Abilities, Weirdness & Mutations

You reflexively headbutt those who attack you in melee.
You have a pair of horns on your head.
You occasionally shout uncontrollably at your foes.


Message History

The Shining One accepts your kill.
You feel better.
You feel sick.
The polar bear bites you but does no damage.
The polar bear claws you.
* * * LOW HITPOINT WARNING * * *
The polar bear claws you but does no damage.
The spriggan berserker hits you with a +0 flail!
* * * LOW HITPOINT WARNING * * *
You hit the spriggan berserker. You burn the spriggan berserker.
You headbutt the spriggan berserker.
The spriggan berserker is lightly wounded.
The polar bear bites you!!
* * * LOW HITPOINT WARNING * * *
The polar bear claws you but does no damage.
The polar bear misses you.
The spriggan berserker barely misses you.
You furiously retaliate!
You headbutt the spriggan berserker! You slice the spriggan berserker!!
You burn the spriggan berserker.
Your headbutt misses the spriggan berserker.
The spriggan berserker is heavily wounded.
You feel sick.
The polar bear bites you but does no damage.
The polar bear closely misses you.
The polar bear claws you but does no damage.
The fire dragon bites you but does no damage.
The fire dragon barely misses you.
The fire dragon tramples you but does no damage.
Damage: 19 (max 19)
You slash the spriggan berserker! You burn the spriggan berserker.
Your headbutt misses the spriggan berserker.
The spriggan berserker is severely wounded.
The spriggan berserker hits you with a +0 flail!
* * * LOW HITPOINT WARNING * * *
The polar bear bites you but does no damage.
The polar bear claws you but does no damage. x2
The fire dragon closely misses you. You furiously retaliate!
You headbutt the fire dragon! The fire dragon barely misses you. x2
Damage: 6 (max 19)
You feel better.
The spriggan berserker hits you with a +0 flail.
* * * LOW HITPOINT WARNING * * *
The polar bear barely misses you. You furiously retaliate!
You headbutt the polar bear.
The polar bear claws you but does no damage. x2
The fire dragon bites you but does no damage.
The fire dragon claws you.
* * * LOW HITPOINT WARNING * * *
The fire dragon misses you.
The spriggan berserker hits you with a +0 flail!!
You die...

###..###...##.#############.#####
#....#....^....#...(.(.(()[......
.....#.................D)[)......
...........#......######..######.
...........####..##,,,,####,,,,**
.........<.# #..#,*,**,**,,***,*
...........## #..#,*,,****,**,*,*
............# #.D#,***,,**,*,**,*
...........## #.@#,*,**,**,**,*,*
............# #hi#*,*,******,,,**
............#*#...***+* *+***,
........[.S##*..#..,,,******,,,,,
...........#*#.#*###,**8,,8**,,,,
[..............* *,,*8,,,,8*,,**
).............#* **,,+,,,,,,+,,*
##'''###,,,...****,,,+,,,,,,+,,*
*...# *,,,,,,,,,,,,,*8,,,,8*,,*


You could see a fire dragon, a spriggan berserker (berserk) and a polar bear
(berserk).

Vanquished Creatures
  A juggernaut (Depths:4)
  Sojobo (Vaults:1)
  3 caustic shrikes (Depths:2)
  Nikola (Spider:1)
  2 golden dragons
  A bone dragon (Elf:1)
  A tentacled monstrosity (Depths:2)
  4 liches
  2 deep elf blademasters (Elf:3)
  4 deep elf master archers (Elf:3)
  3 titans (Depths:2)
  A kraken (Shoals:4)
  Frances (D:14)
  8 sphinxes
  Gastronok (D:8)
  The ghost of Ilomov the Convoker, an adept OgSu of Hepliaklqana (Spider:3)
  2 thorn hunters (Depths:3)
  4 ancient champions
  Kirke (D:13)
  6 tengu reavers
  2 azure jellies (Elf:2)
  Ilsuiw (Shoals:4)
  A storm dragon (Depths:2)
  2 revenants (Crypt:1)
  An azure jelly (shapeshifter) (Depths:5)
  10 frost giants
  6 fire giants
  7 vault wardens
  A draconian knight (Vaults:1)
  5 deep elf sorcerers
  4 ghost moths
  4 emperor scorpions
  3 iron dragons
  A curse skull (Crypt:2)
  5 deep elf elementalists
  Louise (Depths:2)
  9 ironheart preservers
  32 very ugly things
  3 ghouls (Crypt:3)
  2 large abominations (Elf:3)
  The ghost of Amnesiac the Carver, a journeyman OpFi of Gozag (Lair:5)
  3 spriggan defenders
  21 vampire knights
  5 entropy weavers
  The ghost of Ereth the Fighter, a journeyman HOFi of Fedhas (D:14)
  5 deep elf demonologists
  22 stone giants
  Azrael (D:13)
  7 spark wasps
  2 minotaurs
  A purple draconian (Depths:5)
  11 deep elf annihilators
  11 deep elf death magi
  9 eidola
  2 merfolk javelineers
  11 ettins
  10 fire dragons
  9 jiangshi
  Josephine (D:14)
  3 vault guards (Vaults:4)
  6 deep elf high priests (Elf:3)
  16 yaktaur captains
  8 great orbs of eyes
  Harold (D:8)
  11 merfolk impalers
  Fannar (D:11)
  10 rakshasas
  A quicksilver dragon skeleton (Crypt:3)
  9 spriggan air magi
  3 ghost crabs (Elf:2)
  10 hydras
  9 merfolk avatars
  3 alligator snapping turtles (Shoals:3)
  Erica (D:8)
  A death knight (Vaults:4)
  32 two-headed ogres
  19 ice dragons
  2 satyrs
  6 merfolk aquamancers
  16 centaur warriors
  6 death yaks (Lair:3)
  15 deep troll shamans
  8 tengu warriors
  15 ogre magi
  A titan zombie (Crypt:1)
  12 deep troll earth magi
  7 vampire magi
  28 dancing weapons
  5 spriggan berserkers
  A shock serpent (Elf:2)
  A storm dragon zombie (Crypt:3)
  Urug (D:10)
  21 deep elf knights
  The ghost of XanderDroid the Cleaver, a novice MiBe of Trog (D:9)
  2 soul eaters
  Nergalle (D:12)
  A sixfirhy (Gauntlet)
  2 hell knights (Depths:4)
  5 unseen horrors
  2 iron trolls
  A spark wasp zombie (Crypt:3)
  An anaconda zombie (Crypt:3)
  4 shadow wraiths
  12 sea snakes
  6 glowing orange brains
  45 skeletal warriors
  An unseen horror (shapeshifter) (Depths:4)
  2 death drakes (Gauntlet)
  37 deep trolls
  7 flayed ghosts
  A death drake (shapeshifter) (Depths:1)
  18 phantasmal warriors
  An orange crystal statue (Shoals:1)
  14 deep elf archers
  8 wizards
  A golden dragon skeleton (Elf:2)
  9 necromancers
  9 orc knights
  14 harpies
  3 iron dragon zombies
  9 ironbrand convokers
  A frost giant zombie (Crypt:3)
  18 orb spiders
  5 wolf spider zombies
  35 wolf spiders
  2 fire giant zombies
  10 orc sorcerers
  A sphinx zombie (Crypt:2)
  59 ugly things
  8 cyclopes
  14 manticores
  60 deep elf magi
  A spectral centaur (Gauntlet)
  8 fauns
  An eye of devastation (shapeshifter) (Elf:1)
  15 merfolk sirens
  A stone giant skeleton (Crypt:2)
  3 moths of wrath
  6 water nymphs
  A guardian serpent (shapeshifter) (Vaults:4)
  4 black mambas
  A frost giant skeleton (Crypt:1)
  11 vault sentinels
  2 ice statues (Elf:2)
  A molten gargoyle (Depths:3)
  A dire elephant zombie (Crypt:1)
  A titan simulacrum (Elf:2)
  A spiny frog (shapeshifter) (D:12)
  2 gargoyles (Elf:2)
  3 dire elephant skeletons
  22 spiny frogs
  38 yaktaurs
  2 freezing wraiths
  2 rime drakes
  4 tengu conjurers
  An emperor scorpion zombie (Crypt:3)
  2 black draconian skeletons
  3 efreet
  9 demonic crawlers
  2 kobold demonologists
  3 komodo dragons
  A golden dragon simulacrum (Crypt:2)
  A yaktaur skeleton (Vaults:1)
  2 elf skeletons (Elf:2)
  5 harpy zombies
  9 wind drakes
  10 trolls
  A red devil (Depths:1)
  15 merfolk
  A hydra zombie (Crypt:3)
  18 hornets
  5 tyrant leeches (Lair:6)
  18 slime creatures
  29 blink frogs
  Prince Ribbit (Lair:3)
  A hornet (shapeshifter) (Depths:2)
  41 jumping spiders
  17 snapping turtles
  An iron dragon simulacrum (Crypt:1)
  18 dream sheep
  2 ettin zombies (Crypt:3)
  An ice dragon zombie (Crypt:1)
  3 raiju (Elf:2)
  A hippogriff (shapeshifter) (Vaults:3)
  A spectral meliai (Gauntlet)
  A meliai zombie (D:13)
  A fire giant simulacrum (Crypt:1)
  13 hippogriffs
  An ettin skeleton (Crypt:3)
  A bog body (Crypt:3)
  A shock serpent simulacrum (Crypt:1)
  8 air elementals
  15 water elementals
  A tarantella (shapeshifter) (Vaults:2)
  3 vampires
  A black mamba zombie (Crypt:3)
  61 redbacks
  21 wraiths
  2 shadows
  A spriggan simulacrum (Elf:2)
  A spriggan (shapeshifter) (D:13)
  6 spriggans
  34 tarantellas
  2 humans (shapeshifter)
  A basilisk (shapeshifter) (Depths:4)
  34 yaks
  2 hungry ghosts
  8 fire elementals
  14 vampire mosquitoes
  A golden eye (shapeshifter) (Elf:1)
  16 humans
  A steam dragon (D:8)
  Edmund (D:3)
  Menkaure (D:4)
  A human simulacrum (Vaults:1)
  5 basilisks
  6 wargs
  2 insubstantial wisps (D:8)
  2 harpy simulacra
  A soldier ant (shapeshifter) (Elf:1)
  An acid dragon (D:14)
  14 water moccasins
  2 hydra simulacra
  An ogre skeleton (Vaults:1)
  8 porcupines
  2 small abominations
  A floating eye (Depths:2)
  4 hell hounds (D:13)
  2 black bears
  2 hornet zombies
  A fire dragon simulacrum (Elf:2)
  6 sky beasts
  An eye of draining (shapeshifter) (D:14)
  A phantom (D:4)
  A necrophage (D:10)
  38 orc warriors
  An eye of draining (D:12)
  5 ice beasts
  An elephant zombie (Crypt:3)
  4 human zombies
  7 wolves
  14 ogres
  A tengu (shapeshifter) (Vaults:1)
  5 boggarts
  30 centaurs
  2 black mamba simulacra (Elf:2)
  A lindwurm zombie (Crypt:2)
  9 crocodiles
  A swamp dragon skeleton (Crypt:2)
  A big kobold (D:9)
  3 hippogriff zombies (Shoals:4)
  A komodo dragon zombie (Crypt:2)
  A yaktaur zombie (Crypt:1)
  30 bullfrogs
  8 earth elementals
  2 gnoll sergeants
  A glowing shapeshifter simulacrum (Elf:2)
  A wyvern zombie (Crypt:2)
  A raiju zombie (Crypt:1)
  4 scorpions
  A warg skeleton (Crypt:3)
  A shapeshifter zombie (Crypt:2)
  9 killer bees
  A spriggan zombie (Crypt:3)
  2 vampire bats (D:6)
  A troll skeleton (Crypt:2)
  18 wights
  An electric eel (Spider:3)
  4 howler monkeys
  7 crimson imps
  A quasit (D:7)
  4 centaur zombies
  A bullfrog zombie (D:9)
  3 jellies
  4 centaur skeletons
  25 orc priests
  4 bullfrog skeletons
  42 orc wizards
  4 hounds
  Ijyb (D:4)
  Natasha (thrice) (D:4)
  3 iguanas
  7 hell rats (Lair:1)
  A troll simulacrum (Elf:2)
  7 worker ants
  4 lightning spires (Elf:2)
  A tengu zombie (Crypt:1)
  3 hound zombies
  2 howler monkey zombies (D:5)
  A worker ant zombie (D:5)
  Robin (D:2)
  13 gnolls
  2 naga simulacra (Elf:2)
  13 adders
  15 river rats (Lair:1)
  5 shadow imps
  2 white imps
  2 ufetubi (Gauntlet)
  2 oozes
  3 adder zombies
  A halfling zombie (Crypt:1)
  An iguana zombie (Crypt:2)
  2 adder skeletons
  A worm (shapeshifter) (Elf:1)
  3 worms
  A barachi skeleton (Crypt:1)
  3 dart slugs
  5 leopard geckos
  114 orcs
  A bat zombie (Shoals:4)
  11 giant cockroaches
  12 hobgoblins
  12 jackals
  9 quokkas
  3 ball pythons (D:6)
  17 bats
  4 frilled lizards
  A giant cockroach zombie (D:5)
  A gnoll zombie (Crypt:3)
  15 goblins
  17 kobolds
  A leopard gecko skeleton (D:5)
  3 quokka skeletons
  15 rats
  A rat skeleton (Crypt:1)
  A river rat skeleton (Crypt:2)
  2 fire vortices (Depths:3)
  A macabre mass (Elf:2)
  4 tentacles (Shoals:4)
2328 creatures vanquished.

Vanquished Creatures (collateral kills)
  Mara (Vaults:3)
  A tengu reaver (Depths:2)
  2 frost giants (Depths:2)
  2 stone giants (Depths:2)
  2 spark wasps (Depths:2)
  2 ugly things (Depths:2)
  A yaktaur (Depths:2)
  4 merfolk (Shoals:1)
15 creatures vanquished.

Vanquished Creatures (others)
  An orb spider (Spider:2)
  A deep elf mage (Elf:2)
  2 molten gargoyles (Depths:3)
  A merfolk (Shoals:1)
  A slime creature (Vaults:1)
  A water elemental (Elf:1)
  A bullfrog skeleton (D:13)
  3 ball lightnings (Elf:2)
  A fire vortex (Depths:3)
  12 fungi
  49 plants
  4 tentacles (Shoals:4)
77 creatures vanquished.

Grand Total: 2420 creatures vanquished

Notes
Turn   | Place    | Note
-------+----------+-------------------------------------------
     0 | D:1      | Gorice the Minotaur Gladiator began the quest for the Orb.
     0 | D:1      | Reached XP level 1. HP: 18/18 MP: 0/0
   110 | D:1      | Reached skill level 4 in Long Blades
   348 | D:1      | Reached XP level 2. HP: 23/25 MP: 1/1
   478 | D:1      | Reached skill level 1 in Armour
  1048 | D:1      | Upgraded the game from 0.23-a0-690-g0a1fc62 to
                  | 0.23-a0-701-gd76f34b
  1115 | D:2      | Reached XP level 3. HP: 30/30 MP: 2/2
  1173 | D:2      | Noticed Robin
  1180 | D:2      | Reached skill level 5 in Long Blades
  1185 | D:2      | Killed Robin
  1187 | D:2      | Reached skill level 2 in Armour
  1289 | D:2      | Noticed a bullfrog
  1293 | D:2      | Killed a bullfrog
  1293 | D:2      | Reached skill level 6 in Long Blades
  1293 | D:2      | Reached XP level 4. HP: 36/37 MP: 3/3
  1410 | D:2      | Reached XP level 5. HP: 42/42 MP: 4/4
  1723 | D:2      | Reached skill level 3 in Armour
  2682 | D:3      | Found a glowing golden altar of the Shining One.
  3118 | D:3      | Became a worshipper of the Shining One
  3139 | D:4      | Noticed Edmund
  3140 | D:4      | Noticed a phantom
  3158 | D:3      | Killed Edmund
  3158 | D:3      | Reached skill level 7 in Long Blades
  3158 | D:3      | Reached skill level 4 in Armour
  3158 | D:3      | Reached XP level 6. HP: 30/50 MP: 5/5
  3306 | D:4      | Reached skill level 8 in Long Blades
  3331 | D:4      | Noticed Ijyb
  3345 | D:4      | Killed Ijyb
  3479 | D:4      | Noticed Natasha
  3493 | D:4      | Killed Natasha
  3493 | D:4      | Reached XP level 7. HP: 43/56 MP: 6/6
  3571 | D:4      | Noticed Natasha
  3580 | D:4      | Killed Natasha
  3583 | D:4      | Noticed Menkaure
  3602 | D:4      | HP: 12/56 [??? (9)]
  3603 | D:4      | Killed Menkaure
  3603 | D:4      | Reached skill level 5 in Armour
  3915 | D:4      | Noticed Natasha
  3930 | D:4      | Killed Natasha
  4467 | D:5      | Entered Level 5 of the Dungeon
  4509 | D:5      | Reached skill level 9 in Long Blades
  4551 | D:5      | Reached * piety under the Shining One
  4689 | D:5      | Reached skill level 6 in Armour
  4964 | D:5      | Reached XP level 8. HP: 53/62 MP: 7/7
  5108 | D:6      | Reached skill level 10 in Long Blades
  5354 | D:6      | Found a bloodstained altar of Trog.
  5374 | D:6      | Reached ** piety under the Shining One
  5469 | D:6      | Reached skill level 7 in Armour
  5513 | D:6      | Reached skill level 11 in Long Blades
  5631 | D:6      | Found a staircase to the Ecumenical Temple.
  5647 | Temple   | Entered the Ecumenical Temple
  5904 | D:6      | Found Ovybla Gune's Magic Scroll Boutique.
  6219 | D:7      | Reached XP level 9. HP: 59/68 MP: 8/8
  6248 | D:7      | Reached skill level 8 in Armour
  6305 | D:7      | Reached skill level 12 in Long Blades
  6855 | D:7      | Noticed a deep elf mage
  6858 | D:7      | Gained mutation: You occasionally shout uncontrollably at
                  | your foes. [a neqoxec]
  6862 | D:7      | Killed a deep elf mage
  6875 | D:7      | Reached skill level 9 in Armour
  7023 | D:8      | Found Gexoez's Antique Armour Emporium.
  7029 | D:8      | Noticed Harold
  7053 | D:8      | Killed Harold
  7053 | D:8      | Reached skill level 13 in Long Blades
  7211 | D:8      | Noticed Erica
  7229 | D:8      | Killed Erica
  7229 | D:8      | Reached skill level 14 in Long Blades
  7229 | D:8      | Reached skill level 10 in Armour
  7229 | D:8      | Reached XP level 10. HP: 74/74 MP: 9/9
  7371 | D:8      | Noticed Gastronok
  7486 | D:8      | Killed Gastronok
  7486 | D:8      | Reached skill level 4 in Fighting
  7486 | D:8      | Reached skill level 3 in Invocations
  7766 | D:8      | Reached skill level 5 in Fighting
  7862 | D:8      | Reached skill level 11 in Armour
  7897 | D:8      | Reached skill level 4 in Invocations
  8073 | D:9      | Reached skill level 6 in Fighting
  8234 | D:9      | Found a runed door.
  8237 | D:9      | Noticed XanderDroid's ghost (novice MiBe)
  8237 | D:9      | Reached *** piety under the Shining One
  8237 | D:9      | Identified the +7 spear "Eruykema" {antimagic, rElec Dex+4}
  8408 | D:9      | Reached XP level 11. HP: 85/90 MP: 13/13
  8493 | D:9      | Found a staircase to the Orcish Mines.
  8535 | D:9      | Reached skill level 5 in Invocations
  8635 | D:9      | Reached **** piety under the Shining One
  9081 | D:10     | Entered Level 10 of the Dungeon
  9096 | D:10     | Noticed a brown ugly thing
  9113 | D:10     | Killed a brown ugly thing
  9113 | D:10     | Reached skill level 7 in Fighting
  9282 | D:10     | Noticed Urug
  9306 | D:10     | HP: 26/92 [Urug/+5 scimitar of holy wrath (10)]
  9308 | D:10     | Killed Urug
  9601 | D:9      | Reached skill level 12 in Armour
  9833 | D:10     | Noticed a two-headed ogre
  9841 | D:10     | Reached skill level 6 in Invocations
  9846 | D:10     | Killed a two-headed ogre
  9846 | D:10     | Reached skill level 8 in Fighting
  9912 | D:10     | Found a shadowy altar of Dithmenos.
 10491 | D:9      | Killed XanderDroid's ghost
 10491 | D:9      | Reached skill level 9 in Fighting
 10491 | D:9      | Reached skill level 7 in Invocations
 10542 | D:11     | Noticed a skeletal warrior
 10570 | D:10     | Killed a skeletal warrior
 10760 | D:10     | Reached skill level 13 in Armour
 10782 | D:11     | Found a staircase to the Lair.
 10816 | D:11     | Noticed a skeletal warrior
 10817 | D:11     | Noticed a skeletal warrior
 10827 | D:11     | Reached XP level 12. HP: 97/105 MP: 16/16
 10847 | D:11     | Noticed a seven-headed hydra
 10876 | D:11     | Killed a three-headed hydra
 10876 | D:11     | Reached skill level 10 in Fighting
 10876 | D:11     | Reached skill level 8 in Invocations
 11233 | D:11     | Found a roughly hewn altar of Beogh.
 11238 | D:11     | Noticed Fannar
 11588 | D:11     | Found Lalygh's Weapon Emporium.
 11596 | D:11     | Found Afoafa's Antique Weapon Shop.
 11620 | D:11     | Reached skill level 3 in Throwing
 12003 | D:11     | Killed Fannar
 12292 | Lair:1   | Entered Level 1 of the Lair of Beasts
 12520 | D:11     | Reached skill level 4 in Throwing
 12934 | Lair:1   | Reached skill level 14 in Armour
 12942 | Lair:1   | Reached skill level 11 in Fighting
 12953 | Lair:1   | Noticed a four-headed hydra
 12955 | Lair:1   | Reached ***** piety under the Shining One
 12965 | Lair:1   | Killed a one-headed hydra
 13830 | Lair:2   | Reached skill level 5 in Throwing
 14521 | D:8      | Bought a faintly humming plate armour for 868 gold pieces
 14532 | D:8      | Identified the +7 plate armour of Zyef {rN+ Stlth+} (You
                  | bought it in a shop on level 8 of the Dungeon)
 14692 | Lair:3   | Noticed a death yak
 14692 | Lair:3   | Noticed a death yak
 14725 | Lair:3   | Noticed a death yak
 14743 | Lair:3   | Killed a death yak
 14757 | Lair:3   | Killed a death yak
 14883 | Lair:3   | Found a bloodstained altar of Trog.
 14901 | Lair:3   | Reached XP level 13. HP: 117/117 MP: 18/18
 15256 | Lair:3   | Reached skill level 6 in Throwing
 15284 | Lair:3   | Reached skill level 12 in Fighting
 15296 | Lair:3   | Found a hole to the Spider Nest.
 15313 | Lair:3   | Noticed Prince Ribbit
 15323 | Lair:3   | --appropriate: Prince Ribbit with a posse of blink frogs!
 15324 | Lair:3   | Killed Prince Ribbit
 16001 | Lair:4   | Reached skill level 15 in Armour
 16169 | Lair:4   | Reached skill level 7 in Throwing
 16353 | Lair:4   | Found a staircase to the Shoals.
 16384 | Lair:4   | You fall through a shaft!
 17017 | Lair:5   | Reached skill level 13 in Fighting
 17083 | Lair:5   | Reached skill level 8 in Throwing
 17124 | Lair:5   | Found a runed gate.
 17124 | Lair:5   | Found a runed gate.
 17130 | Lair:5   | Found a runed gate.
 17131 | Lair:5   | Noticed Amnesiac's ghost (journeyman OpFi)
 17226 | Lair:5   | Reached skill level 1 in Evocations
 17258 | Lair:5   | Noticed a minotaur
 17648 | Lair:5   | Killed Amnesiac's ghost
 17673 | Lair:5   | Killed a minotaur
 17673 | Lair:5   | Reached skill level 2 in Evocations
 17943 | Lair:6   | Entered Level 6 of the Lair of Beasts
 18136 | Lair:6   | Found a runed door.
 18137 | Lair:6   | Found a viscous altar of Jiyva.
 18137 | Lair:6   | Found a staircase to the Slime Pits.
 18137 | Lair:6   | Noticed an acid blob
 18137 | Lair:6   | Noticed an acid blob
 18214 | Lair:6   | Reached skill level 16 in Armour
 18214 | Lair:6   | Reached XP level 14. HP: 116/129 MP: 19/19
 18238 | Lair:6   | Reached skill level 3 in Evocations
 18308 | Lair:6   | Reached skill level 4 in Dodging
 18358 | Lair:6   | HP: 35/130 [komodo dragon (15)]
 18372 | Lair:6   | HP: 38/130 [blink frog (1)]
 18835 | Lair:6   | Reached skill level 14 in Fighting
 19081 | Lair:6   | Reached skill level 4 in Evocations
 19260 | Lair:6   | Reached skill level 5 in Dodging
 19655 | Lair:6   | Reached skill level 5 in Evocations
 20052 | Lair:6   | Reached skill level 6 in Dodging
 20168 | Lair:6   | Got a pair of warped boots
 20175 | Lair:6   | Got a scintillating tin ring
 20183 | Lair:6   | Identified the cursed +0 pair of boots "Pagegiec" {-Cast
                  | Str+10 Dex+6} (You found it on level 6 of the Lair of
                  | Beasts)
 20186 | Lair:6   | Identified the ring "Giadd" {rElec rF+ rN+} (You found it
                  | on level 6 of the Lair of Beasts)
 20439 | Orc:1    | Entered Level 1 of the Orcish Mines
 20472 | Orc:1    | Reached ****** piety under the Shining One
 20872 | Orc:1    | Found a roughly hewn altar of Beogh.
 21165 | Orc:2    | Entered Level 2 of the Orcish Mines
 21359 | Orc:2    | Found a staircase to the Elven Halls.
 21909 | Orc:2    | Found Linaimi's Antique Weapon Shop.
 21932 | Orc:2    | Found a radiant altar of Vehumet.
 21948 | Orc:2    | Reached skill level 7 in Dodging
 21952 | Orc:2    | Reached skill level 6 in Evocations
 21981 | Orc:2    | Found Faoneur's Distillery.
 22042 | Orc:2    | Bought a potion of haste for 160 gold pieces
 22046 | Orc:2    | Reached skill level 15 in Fighting
 22052 | Orc:2    | Found an ancient bone altar of Kikubaaqudgha.
 22136 | Orc:2    | Found a roughly hewn altar of Beogh.
 22136 | Orc:2    | Found Zonown's Gadget Shop.
 22152 | Orc:2    | Found Qonoxin's Distillery.
 22161 | Orc:2    | Bought a potion of heal wounds for 55 gold pieces
 22161 | Orc:2    | Bought a potion of heal wounds for 55 gold pieces
 23079 | D:12     | Reached XP level 15. HP: 131/141 MP: 9/20
 23093 | D:12     | Noticed Nergalle
 23101 | D:12     | Killed Nergalle
 23101 | D:12     | Reached skill level 8 in Dodging
 23229 | D:13     | Found a gate to the Vaults.
 23334 | D:13     | Identified the +11 long sword "Xociufripu" {holy, *Contam
                  | rF+++ MR+ Str-3}
 23600 | D:12     | Reached skill level 7 in Evocations
 23732 | D:13     | Noticed Azrael
 23745 | D:13     | Killed Azrael
 23794 | D:13     | Reached skill level 9 in Dodging
 24163 | D:13     | Noticed Kirke
 24172 | D:13     | Killed Kirke
 24172 | D:13     | Reached skill level 16 in Fighting
 24339 | D:14     | Reached skill level 8 in Evocations
 24363 | D:14     | Noticed Josephine
 24377 | D:14     | Killed Josephine
 24447 | D:14     | Found Wisecs's Blood Bar.
 24473 | D:14     | Found a runed gate.
 24474 | D:14     | Found a runed gate.
 24476 | D:14     | Found a runed gate.
 24476 | D:14     | Noticed Ereth's ghost (journeyman HOFi)
 24490 | D:14     | Killed Ereth's ghost
 24490 | D:14     | Reached skill level 10 in Dodging
 24522 | D:14     | Noticed a tengu reaver
 24643 | D:14     | Noticed Frances
 24666 | D:14     | Killed Frances
 24731 | D:14     | Noticed a sphinx
 24763 | D:14     | Found a radiant altar of Vehumet.
 24767 | D:14     | Found a transporter.
 24873 | D:15     | Entered Level 15 of the Dungeon
 24914 | D:15     | Found a flickering gateway to a bazaar.
 24920 | Bazaar   | Entered a bazaar
 24920 | Bazaar   | Found Icoutionn's Weapon Shoppe.
 24920 | Bazaar   | Found Beahe's Magic Scroll Shoppe.
 24920 | Bazaar   | Found Zuduujif's Assorted Antiques.
 24922 | Bazaar   | Found Cesahij's Book Emporium.
 24933 | Bazaar   | Bought a scroll of brand weapon for 260 gold pieces
 24939 | Bazaar   | Bought a large onyx ring for 105 gold pieces
 24939 | Bazaar   | Bought a scroll labeled CEDYON CUFIWN for 21 gold pieces
 24939 | Bazaar   | Bought a scroll labeled JOLUELL LIPTOX for 21 gold pieces
 24943 | D:15     | Reached skill level 9 in Throwing
 24991 | D:15     | Found a gate leading to a gauntlet.
 25020 | Gauntlet | Entered a Gauntlet
 25020 | Gauntlet | Found a transporter.
 25020 | Gauntlet | Found a transporter.
 25024 | Gauntlet | Found a transporter.
 25024 | Gauntlet | Found a transporter.
 25028 | Gauntlet | Found a transporter.
 25028 | Gauntlet | Found a transporter.
 25042 | Gauntlet | Found a transporter.
 25042 | Gauntlet | Found a transporter.
 25042 | Gauntlet | Found a transporter.
 25042 | Gauntlet | Found a transporter.
 25057 | Gauntlet | Found a transporter.
 25075 | Gauntlet | Found a transporter.
 25319 | Gauntlet | Got a warped steel amulet
 25329 | Gauntlet | Identified the amulet "Ceinwaub" {Acrobat MR+ Str+3 Int+4
                  | Stlth+} (You found it in a Gauntlet)
 25782 | Gauntlet | Identified the +3 great sword of Duty {flame, rPois}
 26139 | D:15     | Found a bloodstained altar of Trog.
 26428 | D:15     | Found a staircase to the Depths.
 26780 | D:15     | Reached skill level 9 in Invocations
 27016 | Spider:1 | Entered Level 1 of the Spider Nest
 27030 | Spider:1 | Got a coiled bone amulet
 27031 | Spider:1 | Identified the amulet "Oreppum" {Spirit MR+ Dex-4 Slay+2}
                  | (You found it on level 1 of the Spider Nest)
 27044 | Spider:1 | Reached skill level 11 in Dodging
 27072 | Lair:3   | Reached XP level 16. HP: 151/151 MP: 7/21
 27676 | Spider:2 | Noticed Nikola
 27711 | Spider:1 | Reached skill level 10 in Throwing
 27888 | Spider:1 | Killed Nikola
 28501 | Spider:2 | Reached skill level 10 in Invocations
 28721 | Spider:2 | Reached skill level 12 in Dodging
 29167 | Spider:3 | Reached skill level 15 in Long Blades
 29472 | Spider:3 | Found a runed gate.
 29472 | Spider:3 | Found a runed gate.
 29472 | Spider:3 | Found a runed gate.
 29476 | Spider:3 | Noticed Ilomov's ghost (adept OgSu)
 29793 | Spider:3 | Found the -2 hat of the Alchemist {rElec rPois rF+ rC+ rN+
                  | MR+ rMut rCorr}
 29794 | Spider:3 | Identified the ring "Syegheru" {rElec rN+ Dex-2 Stlth-}
 29814 | Spider:3 | Reached skill level 11 in Invocations
 29829 | Spider:3 | Killed Ilomov's ghost
 29873 | Spider:3 | Identified the +2 cloak "Urapiek" {rPois Dex+5 Slay-3} (You
                  | found it on level 3 of the Spider Nest)
 30155 | Lair:1   | Got a polished hat
 30166 | Lair:1   | Identified the +0 hat "Meidwe" {rElec rN+ MP-9 Str+8} (You
                  | acquired it on level 1 of the Lair of Beasts)
 30343 | Spider:4 | Entered Level 4 of the Spider Nest
 30671 | Spider:4 | Reached skill level 16 in Long Blades
 30936 | Spider:4 | Reached XP level 17. HP: 144/158 MP: 24/24
 31224 | Spider:3 | Reached skill level 12 in Invocations
 31923 | Spider:4 | Reached skill level 17 in Long Blades
 32461 | Spider:4 | Got a gossamer rune of Zot
 32851 | Shoals:1 | Entered Level 1 of the Shoals
 33126 | Shoals:1 | Reached skill level 18 in Long Blades
 33464 | Shoals:1 | Upgraded the game from 0.23-a0-701-gd76f34b to
                  | 0.23-a0-703-gdf2d5e0
 33820 | Shoals:2 | Reached skill level 19 in Long Blades
 35090 | Shoals:3 | Reached skill level 20 in Long Blades
 35432 | Shoals:4 | Entered Level 4 of the Shoals
 35637 | Shoals:3 | Reached XP level 18. HP: 148/166 MP: 22/26
 35805 | Shoals:4 | Noticed Ilsuiw
 36751 | Shoals:4 | Killed Ilsuiw
 37660 | Shoals:4 | Reached skill level 9 in Evocations
 38667 | Shoals:4 | Got a barnacled rune of Zot
 38874 | Vaults:1 | Entered Level 1 of the Vaults
 38992 | Vaults:1 | Reached skill level 17 in Fighting
 39025 | Vaults:1 | Reached skill level 17 in Armour
 39588 | Vaults:1 | Noticed Sojobo
 39629 | Vaults:1 | Killed Sojobo
 39629 | Vaults:1 | Reached skill level 10 in Evocations
 39637 | Vaults:1 | HP: 17/170 [green draconian knight/shard of ice (40)]
 40583 | Vaults:1 | Reached XP level 19. HP: 167/178 MP: 24/27
 41370 | Vaults:2 | Reached skill level 18 in Fighting
 41370 | Vaults:2 | Reached skill level 18 in Armour
 41473 | Vaults:2 | Reached skill level 11 in Evocations
 41614 | Vaults:2 | Found Juesch's Assorted Antiques.
 41627 | Vaults:2 | Bought a scroll of blinking for 247 gold pieces
 41627 | Vaults:2 | Bought 2 glowing white potions for 59 gold pieces
 41627 | Vaults:2 | Bought a worn iron wand for 132 gold pieces
 43431 | Vaults:3 | Found a staircase to the Crypt.
 43491 | Vaults:3 | Reached skill level 12 in Evocations
 43493 | Vaults:3 | Reached skill level 19 in Armour
 43501 | Vaults:3 | Reached skill level 19 in Fighting
 43905 | Vaults:3 | Reached XP level 20. HP: 166/191 MP: 22/28
 44933 | Vaults:4 | Reached skill level 20 in Armour
 44958 | Vaults:4 | Reached skill level 20 in Fighting
 45536 | Vaults:4 | Reached skill level 13 in Dodging
 45578 | Vaults:4 | Noticed Mara
 45592 | Vaults:4 | Noticed Gorice's illusion
 45612 | Vaults:4 | HP: 45/193 [Gorice's illusion[Mara] (25)]
 45616 | Vaults:4 | HP: 6/193 [Gorice's illusion[Mara] (26)]
 46088 | Vaults:3 | Noticed Gorice's illusion
 46096 | Vaults:3 | Killed Mara
 46096 | Vaults:3 | Reached skill level 13 in Invocations
 47067 | Crypt:1  | Entered Level 1 of the Crypt
 47493 | Crypt:1  | Reached XP level 21. HP: 201/201 MP: 30/30
 47516 | Crypt:1  | Reached skill level 14 in Dodging
 47940 | Crypt:1  | Reached skill level 14 in Invocations
 48385 | Crypt:2  | Found a corrupted altar of Lugonu.
 48403 | Crypt:2  | Found a one-way gate to the infinite horrors of the Abyss.
 49408 | Crypt:3  | Entered Level 3 of the Crypt
 49429 | Crypt:3  | Reached skill level 15 in Dodging
 49472 | Crypt:3  | HP: 56/201 [??? (21)]
 49971 | Crypt:3  | Found a staircase to the Tomb.
 50304 | Crypt:3  | Reached skill level 21 in Armour
 50414 | Crypt:3  | Found a basalt altar of Yredelemnul.
 50446 | Crypt:3  | Reached skill level 16 in Dodging
 50803 | Crypt:3  | Found the +5 scythe "Finisher" {speed, eviscerate}
 50902 | Crypt:3  | Identified the Catalogue of Unstable Curses
 51305 | Elf:1    | Entered Level 1 of the Elven Halls
 51366 | Elf:1    | Reached XP level 22. HP: 133/211 MP: 23/31
 51531 | Elf:1    | Got a pair of ancient gloves
 51532 | Elf:1    | Identified the +1 pair of gloves of Objectivity {MR+} (You
                  | found it on level 1 of the Elven Halls)
 51696 | Elf:1    | Learned a level 1 spell: Apportation
 51699 | Elf:1    | Learned a level 2 spell: Blink
 51701 | Elf:1    | Learned a level 1 spell: Summon Butterflies
 51704 | Elf:1    | Learned a level 2 spell: Swiftness
 52258 | Elf:1    | Identified the Handbook of Attacks
 52942 | Elf:2    | Found Ydghazxuss's Antique Armour Boutique.
 52981 | Elf:2    | Reached skill level 22 in Armour
 53062 | Elf:2    | Reached skill level 21 in Fighting
 53085 | Elf:2    | Identified Sif Muna's Compendium of Clay
 53226 | Elf:2    | Identified the Tome of Black Secrets
 53375 | Elf:2    | Identified the Grimoire of the Snowflakes
 53462 | Elf:2    | Found a huge runed gate.
 53462 | Elf:2    | Found a huge runed gate.
 53462 | Elf:2    | Found a huge runed gate.
 53462 | Elf:2    | Found a huge runed gate.
 53462 | Elf:2    | Found a huge runed gate.
 53619 | Elf:2    | Identified Sif Muna's Grimoire of the Birds
 53875 | Elf:2    | Reached skill level 1 in Spellcasting
 54064 | Elf:2    | Reached skill level 2 in Spellcasting
 54079 | Elf:2    | Reached skill level 22 in Fighting
 54469 | Elf:3    | Entered Level 3 of the Elven Halls
 54557 | Elf:3    | Reached skill level 3 in Spellcasting
 55101 | Elf:3    | Reached skill level 4 in Spellcasting
 55163 | Elf:3    | Reached skill level 1 in Summonings
 55163 | Elf:3    | Reached skill level 1 in Translocations
 55163 | Elf:3    | Reached skill level 1 in Air Magic
 55385 | Elf:3    | Reached skill level 1 in Charms
 55643 | Elf:3    | Reached skill level 2 in Air Magic
 55667 | Elf:3    | Reached skill level 2 in Summonings
 55667 | Elf:3    | Reached skill level 2 in Translocations
 55932 | Elf:3    | Reached skill level 2 in Charms
 55936 | Elf:3    | Reached XP level 23. HP: 158/223 MP: 26/32
 56877 | Depths:1 | Entered Level 1 of the Depths
 57004 | Depths:1 | Reached skill level 5 in Spellcasting
 57071 | Depths:1 | Reached skill level 3 in Air Magic
 57071 | Depths:1 | Reached skill level 3 in Translocations
 57074 | Depths:1 | Reached skill level 3 in Summonings
 57405 | Depths:1 | Reached skill level 3 in Charms
 57533 | Depths:1 | Found a gateway to Hell.
 57929 | Depths:1 | Upgraded the game from 0.23-a0-703-gdf2d5e0 to
                  | 0.23-a0-704-g7fdf9c5
 58034 | Depths:2 | Noticed Louise
 58050 | Depths:2 | Killed Louise
 58114 | Depths:2 | Noticed a caustic shrike
 58115 | Depths:2 | Paralysed by a floating eye for 4 turns
 58121 | Depths:2 | Killed a caustic shrike
 58121 | Depths:2 | Reached skill level 4 in Summonings
 58121 | Depths:2 | Reached skill level 4 in Translocations
 58121 | Depths:2 | Reached skill level 4 in Air Magic
 58124 | Depths:2 | Paralysed by a floating eye for 2 turns
 58532 | Depths:2 | Found a gateway to a ziggurat.
 58541 | Depths:2 | Reached skill level 4 in Charms
 58673 | Depths:2 | Reached skill level 6 in Spellcasting
 58793 | Depths:2 | HP: 63/223 [stone giant/large rock (10)]
 58800 | Depths:2 | HP: 55/223 [stone giant/large rock (10)]
 58840 | Depths:2 | HP: 62/223 [flayed ghost (12)]
 58846 | Depths:2 | HP: 64/223 [frost giant/+0 battleaxe of freezing (6)]
 58852 | Depths:2 | HP: 46/223 [tentacled monstrosity (4)]
 58855 | Depths:2 | Reached skill level 5 in Summonings
 58855 | Depths:2 | Reached skill level 5 in Translocations
 58855 | Depths:2 | Reached skill level 5 in Air Magic
 58857 | Depths:2 | HP: 38/223 [frost giant/bolt of cold (9)]
 59378 | Depths:2 | Found a one-way gate leading to the halls of Pandemonium.
 59630 | Depths:2 | Reached XP level 24. HP: 175/231 MP: 26/32
 59843 | Depths:2 | Reached skill level 5 in Charms
 59912 | Depths:2 | HP: 69/231 [acid (2)]
 59919 | Depths:2 | HP: 43/231 [stone giant (5)]
 60832 | Depths:2 | Reached skill level 7 in Spellcasting
 60832 | Depths:2 | Reached skill level 6 in Summonings
 60832 | Depths:2 | Reached skill level 6 in Air Magic
 60844 | Depths:2 | Reached skill level 6 in Translocations
 61161 | Depths:2 | Learned a level 3 spell: Portal Projectile
 61166 | Depths:2 | Learned a level 4 spell: Airstrike
 61171 | Depths:2 | Learned a level 4 spell: Summon Lightning Spire
 61431 | Depths:3 | Found Esead's Armour Boutique.
 61635 | Depths:3 | Found Miputs's Gadget Boutique.
 61636 | Depths:3 | Found Rimmuth's Jewellery Shoppe.
 61637 | Depths:3 | Found Wemuiqur's Gadget Boutique.
 61695 | Depths:3 | Reached skill level 1 in Hexes
 62210 | Depths:3 | Reached skill level 6 in Charms
 62258 | Depths:3 | HP: 60/231 [deep troll (24)]
 62270 | Depths:3 | HP: 44/231 [deep troll shaman (3)]
 63021 | Depths:3 | Reached skill level 2 in Hexes
 63502 | Depths:3 | Identified the Compendium of Ice
 63505 | Depths:3 | Identified the Catalogue of Earth
 63766 | Depths:4 | Found Votwagao's Assorted Antiques.
 64045 | Depths:4 | Reached skill level 7 in Summonings
 64051 | Depths:4 | Reached skill level 7 in Air Magic
 64080 | Depths:4 | Reached skill level 7 in Translocations
 64466 | Depths:4 | Reached skill level 3 in Hexes
 64493 | Depths:4 | Reached XP level 25. HP: 159/238 MP: 26/33
 65118 | Depths:5 | Entered Level 5 of the Depths
 65155 | Depths:5 | Found Zuozomim's Weapon Shoppe.
 65155 | Depths:5 | Found a flickering gateway to a bazaar.
 65156 | Depths:5 | Noticed a juggernaut
 65236 | Depths:4 | Killed a juggernaut
 65236 | Depths:4 | Reached skill level 8 in Spellcasting
 65281 | Depths:5 | Found Cuzaug Ifa's Armour Emporium.
 65286 | Bazaar   | Entered a bazaar
 65327 | Bazaar   | Found Jootor's Gadget Emporium.
 65343 | Bazaar   | Found Nefia's Armour Emporium.
 65711 | Depths:5 | Identified the ring "Katufeok" {+Fly rPois Int+2}
 65869 | Depths:5 | Found Ajerist's General Store.
 65929 | Depths:5 | Identified the ring "Luma" {rC+ Dex+3}
 65943 | Depths:5 | Reached skill level 7 in Charms
 66110 | Depths:5 | Reached skill level 4 in Hexes
 66282 | Depths:5 | HP: 70/238 [deep troll shaman (3)]
 66304 | Depths:5 | HP: 50/238 [lich/poison arrow (8)]
 66309 | Depths:5 | HP: 47/238 [poisoned by a lich (poison arrow)]
 66314 | Depths:5 | HP: 31/238 [poisoned by a lich (poison arrow)]
 66316 | Depths:5 | Slain by a spriggan berserker

Vault maps used:
D:1:      ncdulo_smallfort
D:2:      st_stairs_9, uniq_robin
D:3:      tso_metal_star
D:4:      kennysheep_small_spiral, serial_bayou_lagoon_a, uniq_natasha,
          uniq_menkaure, uniq_ijyb, uniq_edmund
D:5:      first_ration
D:6:      minmay_temple_entry_proselytizer, basic_altar, serial_shops,
          shop_statue, roderic_batcave
D:7:      minmay_cornered_nines, grunt_ogre_cave
D:8:      serial_shops, nicolae_shop_crystal, uniq_erica, uniq_harold,
          uniq_gastronok
D:9:      erik_orc_3, ebering_ghost_funeral_grove, hangedman_misty_isle
D:10:     special_room, david_defended_altar_elf, uniq_urug
D:11:     erik_lair_orcish_takeover, special_room, serial_shops,
          nicolae_shop_competitors_out_of_business, nicolae_shop_statue_plus,
          uniq_fannar
D:12:     spider_trap, chequers_avenue, minivault_28, uniq_nergalle
D:13:     david_vaults_3, uniq_azrael, uniq_kirke
D:14:     gammafunk_sealed_library, ebering_ghost_rock_garden,
          guppyfry_shop_blood, uniq_josephine, uniq_frances
D:15:     grunt_enter_depths_hoard, gauntlet_entry_generic, lemuel_doored_altar,
          serial_shops, bzr_entry_lakeside
Temple:   kilobyte_greek_temple
Lair:1:   lemuel_ratsnest, st_stairs_12
Lair:2:   lemuel_fruit_tree
Lair:3:   dummy_spider_entry, basic_altar, nicolae_lair_grove_arrangements,
          minivault_27, minivault_27, uniq_prince_ribbit2
Lair:4:   shoals_dummy_entry, grunt_megastairs_5, serial_bayou_shore_b
Lair:5:   maelrawn_ghost_gauntlet_escape
Lair:6:   minmay_lair_end_frog_pond, slime_altar_2, hibernation_bobbens,
          infiniplex_staircase_pool_2
Shoals:1: nicolae_shoals_seven_spires, dpeg_stationary_puzzle
Shoals:4: shoals_end_hangedman, shoals_ilsuiw_ice, nicolae_shoals_undead_eyrie
Spider:2: uniq_nikola
Spider:3: gammafunk_ghost_tricky_traps
Spider:4: grunt_spider_rune_parallel
Orc:1:    nicolae_orc_accident_2
Orc:2:    kennysheep_orc_mage_school
Elf:1:    minmay_elf_annihilation, statue_in_the_mist_lemuel, minivault_27,
          lemuel_flame_loot_1
Elf:2:    serial_hangedman_research, hangedman_research_thanatology,
          hangedman_research_electronics, hangedman_research_geology,
          hangedman_research_thermodynamics, serial_shops, nicolae_shop_trees,
          minivault_26
Elf:3:    minmay_elf_hall_circle, corexii_leaking_fountain
Vaults:1: nicolae_vaults_network_square, vaults_mumra_chevron,
          vaults_room_pools, v_misc_23, vaults_room_grunt_arrival_ludios,
          v_misc_17, nicolae_vaults_windows_and_doors_thing,
          vaults_mumra_hexcomb, v_misc_24, sword_in_stone, vaults_dpeg_doors,
          vaults_mumra_chevron_long
Vaults:2: v_misc_1, vaults_room_door_hall, ontoclasm_vaults_gallery, v_misc_26,
          vaults_room_large_hall, nicolae_vaults_theta, vaults_room_pool,
          serial_ice_g, nicolae_vaults_shelves_hall, serial_shops, shop
Vaults:3: v_pattern_3, minmay_crypt_entry_simple_box,
          nicolae_vaults_an_arrangement, hangedman_vaults_restitches,
          nicolae_vaults_network_barrier, nicolae_vaults_back_hallway,
          nicolae_vaults_puzzle_piece, ontoclasm_vaults_tryst,
          ontoclasm_vaults_bender, v_rooms_1, v_misc_11,
          nicolae_vaults_shelves_hall, nicolae_vaults_little_ls,
          vaults_room_stairs_pillars, ontoclasm_vaults_claustrophobia,
          ontoclasm_vaults_gateway, vaults_dpeg_diagonal
Vaults:4: grunt_vaults_focal, nicolae_vaults_puzzle_piece, v_misc_27,
          nicolae_vaults_stairing_the_circle, v_misc_30, v_misc_29,
          vaults_room_octagon, nicolae_vaults_network_quinsquares, v_misc_22,
          ontoclasm_vaults_water_temple, nicolae_vaults_little_squares_4,
          serial_glass, uniq_mara
Crypt:2:  due_chaos_kobolds, hex_large, stair_cage_line
Crypt:3:  church_of_pain_bobbens
Depths:1: hangedman_geh_valley, grunt_decor_cap, kennysheep_generic_room_6
Depths:2: minmay_octagon_city, enter_ziggurat_f, serial_sigils_hangedman_snap,
          grunt_pan_entry_in_and_out, hell_entry,
          nicolae_abyss_entry_one_way_or_another
Depths:3: mu_elemental_laboratory, serial_shops,
          nicolae_shop_temple_entry_statues_fountains, rand_demon_pan_entry_4,
          hell_entry, minmay_misc_feat_alley, minmay_shop_grove,
          minmay_staircase_windowed_small
Depths:4: kennysheep_windowed_halls, abyss_entry_crystal, serial_sigils,
          serial_sigils_hangedman_gnaw, serial_sigils_hangedman_shear,
          serial_sigils_hangedman_etch, serial_sigils_hangedman_gut,
          serial_shops, nicolae_shop_crystal, hell_entry
Depths:5: evilmike_zot_entry_hall, serial_shops, bzr_entry_dummy, shop, shop,
          shop, minmay_misc_feat_enclosed, hangedman_tar_grid_catacomb,
          nicolae_sextant, minmay_liquid_box, minmay_hollow_rounded_squares,
          serial_bayou_shore_b, uniq_sojobo
Bazaar:   bazaar_general_marketplace, bazaar_long_row
Gauntlet: gammafunk_gauntlet_hard_choice

Skill      XL: |  1  2  3  4  5  6  7  8  9 10 11 12 13 14 15 16 17 18 19 20 21 22 23 24 25 |
---------------+----------------------------------------------------------------------------+-----
Long Blades    | 4 6 7 8 9 11 14 16 20 | 20.0
Armour         | 1 2 4 6 7 10 11 13 14 16 17 19 20 21 22 | 22.0
Fighting       | 6 9 11 13 15 16 17 19 20 22 | 22.0
Invocations    | 4 7 8 9 11 12 13 14 | 14.0
Throwing       | 5 8 9 10 | 10.0
Evocations     | 2 6 8 10 12 | 12.0
Dodging        | 7 11 12 13 16 | 16.0
Spellcasting   | 4 6 7 8 |  8.4
Summonings     | 2 5 7 |  7.9
Translocations | 2 5 7 |  7.8
Air Magic      | 2 5 7 |  7.9
Charms         | 2 4 6 7 |  7.1
Hexes          | 3 4 |  4.1

Action                   |  1- 3 |  4- 6 |  7- 9 | 10-12 | 13-15 | 16-18 | 19-21 | 22-24 | 25-27 || total
-------------------------+-------+-------+-------+-------+-------+-------+-------+-------+-------++-------
Melee: Long sword        |    73 |   102 |   285 |       |       |       |       |       |       ||   460
       Headbutt          |    12 |    22 |    52 |   139 |   280 |   344 |   524 |   459 |    69 ||  1901
       Scimitar          |       |       |       |   677 |   969 |       |       |       |       ||  1646
       Great sword       |       |       |       |       |    50 |   999 |  1330 |  1582 |   243 ||  4204
 Fire: Hunting sling     |       |    23 |       |    39 |       |       |       |       |       ||    62
       Fustibalus        |       |       |    36 |       |       |       |       |       |       ||    36
Throw: Tomahawk          |       |       |     2 |    34 |    22 |       |       |       |       ||    58
       Javelin           |       |       |       |     3 |    48 |    87 |       |     1 |       ||   139
       Throwing net      |       |       |       |     3 |       |     3 |       |     2 |       ||     8
Invok: Divine Shield     |       |       |       |     6 |     1 |       |       |       |       ||     7
       Summon Divine War |       |       |       |       |     1 |     1 |     2 |     3 |       ||     7
 Abil: Stop Flying       |       |       |       |       |       |       |       |     2 |       ||     2
       Evoke Flight      |       |       |       |       |       |       |       |     1 |       ||     1
Evoke: Wand              |       |       |       |       |     2 |    14 |       |     1 |       ||    17
  Use: Scroll            |     4 |     7 |     6 |     8 |     9 |    11 |     3 |     3 |     1 ||    52
       Potion            |       |       |       |       |     2 |     2 |     1 |       |     2 ||     7
  Eat: Chunk             |     1 |     7 |    27 |    35 |    36 |    32 |    22 |    41 |     6 ||   207
       Ration            |       |       |     1 |       |       |     3 |     4 |     1 |       ||     9
Armor: Chain mail        |    40 |    61 |    24 |       |       |       |       |       |       ||   125
       Leather armour    |     2 |       |       |       |       |       |       |       |       ||     2
       Plate armour      |       |       |   151 |   322 |   614 |   931 |   629 |   956 |   218 ||  3821
Dodge: Dodged            |    28 |    35 |    94 |   203 |   519 |  1086 |   793 |   831 |   175 ||  3764
Block: Other             |       |       |       |    22 |     4 |       |       |       |       ||    26
       Rpst.: Long sword |     7 |     6 |    33 |       |       |       |       |       |       ||    46
       Scimitar          |       |       |       |    68 |   117 |       |       |       |       ||   185
       Great sword       |       |       |       |       |     9 |   176 |   155 |   179 |    27 ||   546

Table legend:
 A = Non-vault XP
 B = Vault XP
 C = Vault XP percentage of total XP
 D = Non-vault monster count
 E = Vault monster count
 F = Vault count percentage of total count
                 A         B        C        D         E       F
            +---------+---------+-------+---------+---------+-------
      Total |  660865 |  559215 |  45.8 |    1458 |     882 |  37.7
            +---------+---------+-------+---------+---------+-------
        D:1 |      37 |       0 |   0.0 |      24 |       0 |   0.0
        D:2 |     204 |      41 |  16.7 |      26 |      13 |  33.3
        D:3 |      65 |     178 |  73.3 |      14 |       1 |   6.7
        D:4 |     210 |     251 |  54.4 |       8 |       3 |  27.3
        D:5 |     497 |       0 |   0.0 |      24 |       0 |   0.0
        D:6 |     849 |     169 |  16.6 |      31 |      10 |  24.4
        D:7 |     949 |     762 |  44.5 |      22 |       4 |  15.4
        D:8 |     386 |    4898 |  92.7 |       8 |       8 |  50.0
        D:9 |    3028 |    2279 |  42.9 |      42 |      21 |  33.3
       D:10 |    5115 |    1900 |  27.1 |      42 |      22 |  34.4
       D:11 |    6249 |    2202 |  26.1 |      25 |      27 |  51.9
       D:12 |    6389 |    7833 |  55.1 |      36 |      16 |  30.8
       D:13 |    6422 |    9814 |  60.4 |      20 |      26 |  56.5
       D:14 |    4890 |    5450 |  52.7 |      17 |      11 |  39.3
       D:15 |   14306 |    1902 |  11.7 |      30 |       2 |   6.2
     Lair:1 |    1133 |    2038 |  64.3 |       5 |      41 |  89.1
     Lair:2 |    1418 |       0 |   0.0 |       9 |       0 |   0.0
     Lair:3 |   10259 |     814 |   7.4 |      29 |       3 |   9.4
     Lair:4 |    5890 |    1482 |  20.1 |      29 |       7 |  19.4
     Lair:5 |    6317 |    3360 |  34.7 |      22 |       7 |  24.1
     Lair:6 |    8069 |   12725 |  61.2 |      29 |      46 |  61.3
   Shoals:1 |   18720 |     662 |   3.4 |      42 |       1 |   2.3
   Shoals:2 |   11130 |       0 |   0.0 |      21 |       0 |   0.0
   Shoals:3 |   21419 |    6819 |  24.1 |      43 |      11 |  20.4
   Shoals:4 |   13230 |   19604 |  59.7 |      28 |      29 |  50.9
   Spider:1 |    7381 |    3465 |  31.9 |      25 |       1 |   3.8
   Spider:2 |   16594 |       0 |   0.0 |      51 |       0 |   0.0
   Spider:3 |   19054 |   20208 |  51.5 |      49 |      36 |  42.4
   Spider:4 |    6278 |   14883 |  70.3 |      20 |      30 |  60.0
      Orc:1 |    2950 |     345 |  10.5 |      28 |       4 |  12.5
      Orc:2 |     846 |    7012 |  89.2 |      20 |      34 |  63.0
      Elf:1 |   20421 |    9308 |  31.3 |      33 |      10 |  23.3
      Elf:2 |   11065 |   42321 |  79.3 |      16 |      75 |  82.4
      Elf:3 |   16284 |   53498 |  76.7 |      27 |      36 |  57.1
   Vaults:1 |   26635 |   24253 |  47.7 |      46 |      25 |  35.2
   Vaults:2 |   47584 |   13624 |  22.3 |      65 |      20 |  23.5
   Vaults:3 |   42370 |   41037 |  49.2 |      76 |      41 |  35.0
   Vaults:4 |   19065 |   31460 |  62.3 |      27 |      37 |  57.8
    Crypt:1 |   24932 |       0 |   0.0 |      45 |       0 |   0.0
    Crypt:2 |   23473 |       9 |   0.0 |      42 |       8 |  16.0
    Crypt:3 |   19422 |   56776 |  74.5 |      31 |      72 |  69.9
   Depths:1 |   27565 |    2789 |   9.2 |      46 |       3 |   6.1
   Depths:2 |   47258 |  106163 |  69.2 |      48 |      81 |  62.8
   Depths:3 |   50401 |    9825 |  16.3 |      55 |      23 |  29.5
   Depths:4 |   36904 |   23277 |  38.7 |      34 |      20 |  37.0
   Depths:5 |   47202 |    7454 |  13.6 |      48 |       5 |   9.4
   Gauntlet |       0 |    6325 | 100.0 |       0 |      12 | 100.0
            +---------+---------+-------+---------+---------+-------

Table legend:
 A = Turns spent in this place as a percentage of turns spent in the entire game.
 B = Non-inter-level travel turns spent in this place as a percentage of non-inter-level travel turns spent in the entire game.
 C = Inter-level travel turns spent in this place as a percentage of turns spent in this place.
 D = Turns resting spent in this place as a percentage of non-inter-level travel turns spent in this place.
 E = Turns spent auto-exploring this place as a percentage of non-inter-level travel turns spent in this place.
 F = Non-inter-level travel turns spent in this place divided by the number of levels of this place that you've seen.
                   A       B       C       D       E      F
               +-------+-------+-------+-------+-------+----------------------
         Total | 100.0 | 100.0 |   8.9 |  27.4 |  36.2 | 1207.9
       Dungeon |  26.2 |  25.6 |  11.0 |  23.7 |  43.8 | 1031.3
        Temple |   0.2 |   0.3 |   3.1 |   0.0 |  98.7 | 154.0
          Lair |  12.6 |  11.8 |  14.8 |  21.6 |  44.4 | 1189.5
        Shoals |   8.6 |   9.0 |   4.5 |  39.9 |  23.6 | 1359.0
   Spider Nest |   8.2 |   8.1 |   9.1 |  36.7 |  33.8 | 1228.2
  Orcish Mines |   2.8 |   2.8 |   9.5 |   6.8 |  43.5 | 834.0
   Elven Halls |   7.9 |   8.1 |   6.0 |  24.4 |  31.3 | 1637.3
        Vaults |  12.9 |  12.4 |  12.4 |  23.9 |  37.3 | 1867.2
         Crypt |   5.4 |   5.4 |   9.5 |  12.3 |  43.9 | 1077.3
        Depths |  13.8 |  14.9 |   1.4 |  39.2 |  25.7 | 1798.8
        Bazaar |   0.3 |   0.4 |   0.0 |   0.0 |   0.4 | 113.5
      Gauntlet |   1.2 |   1.3 |   0.0 |  44.8 |   6.4 | 785.0
               +-------+-------+-------+-------+-------+----------------------

Vault maps used:
D:1:      ncdulo_smallfort
D:2:      st_stairs_9, uniq_robin
D:3:      tso_metal_star
D:4:      kennysheep_small_spiral, serial_bayou_lagoon_a, uniq_natasha,
          uniq_menkaure, uniq_ijyb, uniq_edmund
D:5:      first_ration
D:6:      minmay_temple_entry_proselytizer, basic_altar, serial_shops,
          shop_statue, roderic_batcave
D:7:      minmay_cornered_nines, grunt_ogre_cave
D:8:      serial_shops, nicolae_shop_crystal, uniq_erica, uniq_harold,
          uniq_gastronok
D:9:      erik_orc_3, ebering_ghost_funeral_grove, hangedman_misty_isle
D:10:     special_room, david_defended_altar_elf, uniq_urug
D:11:     erik_lair_orcish_takeover, special_room, serial_shops,
          nicolae_shop_competitors_out_of_business, nicolae_shop_statue_plus,
          uniq_fannar
D:12:     spider_trap, chequers_avenue, minivault_28, uniq_nergalle
D:13:     david_vaults_3, uniq_azrael, uniq_kirke
D:14:     gammafunk_sealed_library, ebering_ghost_rock_garden,
          guppyfry_shop_blood, uniq_josephine, uniq_frances
D:15:     grunt_enter_depths_hoard, gauntlet_entry_generic, lemuel_doored_altar,
          serial_shops, bzr_entry_lakeside
Temple:   kilobyte_greek_temple
Lair:1:   lemuel_ratsnest, st_stairs_12
Lair:2:   lemuel_fruit_tree
Lair:3:   dummy_spider_entry, basic_altar, nicolae_lair_grove_arrangements,
          minivault_27, minivault_27, uniq_prince_ribbit2
Lair:4:   shoals_dummy_entry, grunt_megastairs_5, serial_bayou_shore_b
Lair:5:   maelrawn_ghost_gauntlet_escape
Lair:6:   minmay_lair_end_frog_pond, slime_altar_2, hibernation_bobbens,
          infiniplex_staircase_pool_2
Shoals:1: nicolae_shoals_seven_spires, dpeg_stationary_puzzle
Shoals:4: shoals_end_hangedman, shoals_ilsuiw_ice, nicolae_shoals_undead_eyrie
Spider:2: uniq_nikola
Spider:3: gammafunk_ghost_tricky_traps
Spider:4: grunt_spider_rune_parallel
Orc:1:    nicolae_orc_accident_2
Orc:2:    kennysheep_orc_mage_school
Elf:1:    minmay_elf_annihilation, statue_in_the_mist_lemuel, minivault_27,
          lemuel_flame_loot_1
Elf:2:    serial_hangedman_research, hangedman_research_thanatology,
          hangedman_research_electronics, hangedman_research_geology,
          hangedman_research_thermodynamics, serial_shops, nicolae_shop_trees,
          minivault_26
Elf:3:    minmay_elf_hall_circle, corexii_leaking_fountain
Vaults:1: nicolae_vaults_network_square, vaults_mumra_chevron,
          vaults_room_pools, v_misc_23, vaults_room_grunt_arrival_ludios,
          v_misc_17, nicolae_vaults_windows_and_doors_thing,
          vaults_mumra_hexcomb, v_misc_24, sword_in_stone, vaults_dpeg_doors,
          vaults_mumra_chevron_long
Vaults:2: v_misc_1, vaults_room_door_hall, ontoclasm_vaults_gallery, v_misc_26,
          vaults_room_large_hall, nicolae_vaults_theta, vaults_room_pool,
          serial_ice_g, nicolae_vaults_shelves_hall, serial_shops, shop
Vaults:3: v_pattern_3, minmay_crypt_entry_simple_box,
          nicolae_vaults_an_arrangement, hangedman_vaults_restitches,
          nicolae_vaults_network_barrier, nicolae_vaults_back_hallway,
          nicolae_vaults_puzzle_piece, ontoclasm_vaults_tryst,
          ontoclasm_vaults_bender, v_rooms_1, v_misc_11,
          nicolae_vaults_shelves_hall, nicolae_vaults_little_ls,
          vaults_room_stairs_pillars, ontoclasm_vaults_claustrophobia,
          ontoclasm_vaults_gateway, vaults_dpeg_diagonal
Vaults:4: grunt_vaults_focal, nicolae_vaults_puzzle_piece, v_misc_27,
          nicolae_vaults_stairing_the_circle, v_misc_30, v_misc_29,
          vaults_room_octagon, nicolae_vaults_network_quinsquares, v_misc_22,
          ontoclasm_vaults_water_temple, nicolae_vaults_little_squares_4,
          serial_glass, uniq_mara
Crypt:2:  due_chaos_kobolds, hex_large, stair_cage_line
Crypt:3:  church_of_pain_bobbens
Depths:1: hangedman_geh_valley, grunt_decor_cap, kennysheep_generic_room_6
Depths:2: minmay_octagon_city, enter_ziggurat_f, serial_sigils_hangedman_snap,
          grunt_pan_entry_in_and_out, hell_entry,
          nicolae_abyss_entry_one_way_or_another
Depths:3: mu_elemental_laboratory, serial_shops,
          nicolae_shop_temple_entry_statues_fountains, rand_demon_pan_entry_4,
          hell_entry, minmay_misc_feat_alley, minmay_shop_grove,
          minmay_staircase_windowed_small
Depths:4: kennysheep_windowed_halls, abyss_entry_crystal, serial_sigils,
          serial_sigils_hangedman_gnaw, serial_sigils_hangedman_shear,
          serial_sigils_hangedman_etch, serial_sigils_hangedman_gut,
          serial_shops, nicolae_shop_crystal, hell_entry
Depths:5: evilmike_zot_entry_hall, serial_shops, bzr_entry_dummy, shop, shop,
          shop, minmay_misc_feat_enclosed, hangedman_tar_grid_catacomb,
          nicolae_sextant, minmay_liquid_box, minmay_hollow_rounded_squares,
          serial_bayou_shore_b, uniq_sojobo
Bazaar:   bazaar_general_marketplace, bazaar_long_row
Gauntlet: gammafunk_gauntlet_hard_choice
